 Dungeon Crawl Stone Soup version 0.28-a0-474-g535839065c (webtiles) character file.

Game seed: 14184924316437257288

194 Gwenloh the Covert (level 5, -3/39 (41) HPs)
             Began as a Vampire Brigand on Sept 15, 2021.
             Slain by an ogre (23 damage)
             ... on level 4 of the Dungeon.
             The game lasted 00:09:44 (3018 turns).

Gwenloh the Covert (Vampire Brigand)                Turns: 3018, Time: 00:09:46

HP:   -3/39 (41)    AC:  4    Str: 10    XL:     5   Next: 44%
MP:   5/5           EV: 11    Int: 13    God:
Gold: 81            SH:  0    Dex: 17    Spells: 4/4 levels left

rFire   . . .      SeeInvis +   u - +1 dagger (drain)
rCold   . . .      Faith    .   (no shield)
rNeg    . . .      Spirit   .   v - +0 leather armour
rPois   .          Reflect  .   (no helmet)
rElec   .          Harm     .   c - +0 cloak
rCorr   .          Rampage  .   (no gloves)
Will    .....                   (no boots)
Stlth   ++++......              (no amulet)
HPRegen 0.33/turn               (no ring)
MPRegen 0.09/turn               (no ring)

@: healing quickly, lightly drained
A: alive, fangs 3, see invisible, vampiric 2
a: Exsanguinate


You were on level 4 of the Dungeon.
You visited 1 branch of the dungeon, and saw 4 of its levels.

You collected 81 gold pieces.

Inventory:

Hand Weapons
 a - a +2 dagger
 u - a +1 dagger of draining (weapon)
Missiles
 d - 8 poisoned darts (quivered)
 f - 64 stones
Armour
 b - a +0 robe
 c - a +0 cloak (worn)
 v - a +0 leather armour (worn)
Jewellery
 n - a ring of positive energy
Scrolls
 g - 3 scrolls of identify {unknown}
 h - a scroll of vulnerability {unknown}
 k - a scroll of teleportation {unknown}
 p - a scroll of fog {unknown}
 s - a scroll of amnesia {unknown}
Potions
 i - a potion of berserk rage {unknown}
 j - a potion of might {unknown}
 l - a potion of lignification {unknown}
 m - 3 potions of curing {unknown}
 o - a potion of degeneration {unknown}
 q - a potion of magic {unknown}
 r - a potion of invisibility {unknown}
 t - a potion of cancellation {unknown}


   Skills:
 + Level 3.0 Fighting
 + Level 3.6 Short Blades
 - Level 1.5 Throwing
 - Level 1.1 Dodging
 * Level 8.5 Stealth


You had 4 spell levels left.
You didn't know any spells.
Your spell library contained the following spells:

 Spells                   Type           Power      Damage    Failure   Level
 Sting                    Tmut/Pois      0%         1d3       38%         1
 Poisonous Vapours        Pois/Air       0%         N/A       54%         2
 Tukima's Dance           Hex            0%         N/A       77%         3
 Olgreb's Toxic Radiance  Pois           0%         N/A       99%         4
 Passage of Golubria      Tloc           N/A        N/A       99%         4
 Yara's Violent Unravell  Hex/Tmut       0%         3d3       100%        5


Dungeon Overview and Level Annotations

Branches:
Dungeon (4/15)
 Temple: D:4-7

Altars:
Dithmenos
Fedhas
Sif Muna
Uskayaw

Shops:
D:3 (


Innate Abilities, Weirdness & Mutations

Your natural rate of healing is accelerated.
You have razor-sharp teeth.
You have supernaturally acute eyesight. (SInv)
You are afflicted with vampirism and can become a bat while bloodless.


Message History

You throw a poisoned dart. The poisoned dart hits the ogre.
The ogre is poisoned.
Throw: 10 darts (poison)
Press: ? - help, Q - select action, (/) - cycle Shift-Dir - straight line, f/p - ogre
Aim: an ogre, wielding a +0 giant club (poisoned, 75% to hit)
You throw a poisoned dart.
The poisoned dart barely misses the ogre.
Throw: 9 darts (poison)
Press: ? - help, Q - select action, (/) - cycle Shift-Dir - straight line, f/p - ogre
Aim: an ogre, wielding a +0 giant club (poisoned, 75% to hit)
You throw a poisoned dart.
The poisoned dart barely misses the ogre.
Throw: 2 darts (curare)
Press: ? - help, Q - select action, (/) - cycle Shift-Dir - straight line, f/p - ogre
Aim: an ogre, wielding a +0 giant club (poisoned, 75% to hit)
You throw a curare-tipped dart. The curare-tipped dart hits the ogre.
The ogre looks even sicker.
The ogre convulses.
The ogre seems to slow down.
The ogre is moderately wounded.
You barely miss the ogre.
The ogre is moderately wounded.
You hit the ogre. Your bite misses the ogre.
The ogre is heavily wounded.
The ogre hits you with a +0 giant club!!
Ouch! That really hurt!
You hit the ogre. You drain the ogre.
The ogre is severely wounded.
Throw: dart (curare)
Press: ? - help, Q - select action, (/) - cycle Shift-Dir - straight line, f/p - ogre
Aim: an ogre, wielding a +0 giant club (almost dead, very poisoned, slow, lightly drained, 75% to hit)
You throw a curare-tipped dart.
The curare-tipped dart barely misses the ogre.
You hit the ogre.
The ogre is almost dead.
You barely miss the ogre.
The ogre is almost dead.
The ogre is no longer moving slowly.
The ogre hits you with a +0 giant club!!
Ouch! That really hurt!
You die...

####
#########...#
#...........#
#...........#
#<..........#
#.....O@....#
#....########
#....####...##
#.......(((..[
#..........(..
#...........(.
##############


You could see an ogre (poisoned, drained).

Vanquished Creatures
  An orc wizard (D:3)
  7 gnolls
  2 adders (D:3)
  2 worms
  A dart slug (D:1)
  8 orcs (D:3)
  3 ball pythons
  7 bats
  7 endoplasms
  3 giant cockroaches
  3 goblins (D:2)
  2 hobgoblins
  8 jackals
  3 quokkas
  2 frilled lizards
  6 kobolds
  4 rats
69 creatures vanquished.

Notes
Turn   | Place    | Note
-------+----------+-------------------------------------------
     0 | D:1      | Gwenloh the Vampire Brigand began the quest for the Orb.
     0 | D:1      | Reached XP level 1. HP: 16/16 MP: 1/1
    36 | D:1      | Reached skill level 6 in Stealth
   145 | D:1      | Reached XP level 2. HP: 22/22 MP: 2/2
  1069 | D:2      | Gained mutation: You are afflicted with vampirism and can
                  | become a bat while bloodless. [Vampire growth]
  1069 | D:2      | Reached XP level 3. HP: 27/27 MP: 3/3
  1214 | D:1      | Reached skill level 7 in Stealth
  1559 | D:2      | Reached XP level 4. HP: 34/34 MP: 4/4
  1939 | D:3      | Found a shadowy altar of Dithmenos.
  1939 | D:3      | Found a shimmering blue altar of Sif Muna.
  1939 | D:3      | Found a blossoming altar of Fedhas.
  2194 | D:3      | Reached skill level 8 in Stealth
  2408 | D:3      | Found a hide-covered altar of Uskayaw.
  2466 | D:3      | Reached XP level 5. HP: 39/39 MP: 5/5
  2514 | D:3      | Found Egics's Antique Weapon Emporium.
  2999 | D:4      | Noticed an ogre
  3018 | D:4      | Slain by an ogre

Illustrated notes

Levels and vault maps discovered:
D:1:      dpeg_arrival_simpleton_a, layout_basic
D:2:      layout_rooms, st_stairs_14
D:3:      layout_basic, gammafunk_temple_overflow_claw,
          mainiacjoe_overflow_alcove_1, serial_shops, nicolae_diamond_shop
D:4:      layout_gridville, minivault_1, uniq_ijyb

Skill      XL: |  1  2  3  4  5 |
---------------+----------------+-----
Stealth        | 6 7 8 |  8.5
Fighting       | 2 3 |  3.0
Short Blades   | 3 |  3.6
Throwing       | |  1.5
Dodging        | |  1.1

Action                   |  1- 3 |  4- 6 || total
-------------------------+-------+-------++-------
Melee: Dagger            |    94 |   130 ||   224
       Bite              |     4 |    14 ||    18
Throw: Dart              |    13 |    29 ||    42
 Stab: Sleeping          |    10 |     6 ||    16
       Distracted        |     1 |     1 ||     2
Armor: Robe              |    13 |    17 ||    30
Dodge: Dodged            |    47 |    59 ||   106

Table legend: (Time is in decaauts)
 A = Elapsed time spent in this place.
 B = Non-inter-level travel time spent in this place.
 C = Inter-level travel time spent in this place.
 D = Time resting spent in this place.
 E = Time spent auto-exploring this place.
 F = Levels seen in this place.
 G = Mean time per level.
                   A        B        C        D        E       F      G
               +--------+--------+--------+--------+--------+-----+--------+
         Total |   2987 |   2867 |    120 |    147 |   1927 |   4 |  746.8 |
       Dungeon |   2987 |   2867 |    120 |    147 |   1927 |   4 |  746.8 |
               +--------+--------+--------+--------+--------+-----+--------+

Top non-repeatable levels by time:
     D:1: 1109 daAuts
     D:3: 1051 daAuts
     D:2: 803 daAuts
     D:4: 23 daAuts
